 Dungeon Crawl Stone Soup version 0.22.1-2-g9c5b331383 (webtiles) character file.

149 H0rd4k the Charlatan (level 5, -2/37 HPs)
             Began as a Human Artificer on Nov 19, 2018.
             Slain by a slave (5 damage)
             ... led by Pikel
             ... on level 3 of the Dungeon on Nov 20, 2018.
             The game lasted 00:08:05 (4135 turns).

H0rd4k the Charlatan (Human Artificer)              Turns: 4135, Time: 00:08:05

Health: -2/37      AC:  3    Str: 13    XL:     5   Next: 57%
Magic:  7/7        EV: 12    Int: 12    God:
Gold:   169        SH:  0    Dex: 13    Spells: 4/4 levels left

rFire    . . .     SeeInvis .   a - +0 short sword
rCold    . . .     Gourm    .   (no shield)
rNeg     . . .     Faith    .   b - +0 leather armour
rPois    .         Spirit   .   (no helmet)
rElec    .         Reflect  .   (no cloak)
rCorr    .         Harm     .   (no gloves)
MR       .....                  (no boots)
Stlth    +.........             (no amulet)
HPRegen  0.12/turn              (no ring)
MPRegen  0.10/turn              (no ring)

@: starving
A: no striking features
a: no special abilities


You were on level 3 of the Dungeon.
You were starving.

You visited 1 branch of the dungeon, and saw 4 of its levels.

You collected 169 gold pieces.

Inventory:

Hand Weapons
 a - a +0 short sword (weapon)
Missiles
 l - 65 arrows
Armour
 b - a +0 leather armour (worn)
Jewellery
 k - an uncursed amulet of rage {unknown}
 q - an uncursed ring of fire {unknown}
 x - an uncursed amulet of the acrobat {unknown}
Wands
 d - a wand of enslavement (15)
 e - a wand of random effects (27)
Scrolls
 i - 8 scrolls of identify {unknown}
 m - a scroll of enchant armour {unknown}
 n - a scroll of fog {unknown}
 o - 3 scrolls of teleportation {unknown}
 p - 2 scrolls of random uselessness {unknown}
 r - a scroll of noise {unknown}
 v - 2 scrolls of remove curse {unknown}
 w - a scroll of immolation {unknown}
Potions
 g - 5 potions of curing {unknown}
 h - a potion of invisibility {unknown}
 j - a potion of mutation {unknown}
 s - 2 potions of haste {unknown}
 t - a potion of magic {unknown}
 u - a potion of brilliance {unknown}
 z - a potion of lignification {unknown}
 A - a potion of resistance {unknown}
Comestibles
 f - 7 rations


   Skills:
 + Level 1.5 Fighting
 + Level 2.6 Short Blades
 + Level 2.0 Armour
 + Level 2.6 Dodging
 + Level 1.3 Stealth
 + Level 3.9 Evocations


You had 4 spell levels left.
You didn't know any spells.
Your spell library was empty.

Dungeon Overview and Level Annotations

Branches:
Dungeon (4/15)
 Temple: D:4-7

Altars:
Okawaru
Yredelemnul
The Shining One

Shops:
D:4 :

Annotations:
D:2 Sigmund
D:3 exclusion: downstairs, Jessica
D:4 3 runed doors, Edmund; Menkaure; Natasha; Pikel; potatolover's ghost, amateur TrMo


Message History

* * * LOW HITPOINT WARNING * * *
You hit the slave.
The slave is almost dead.
The slave hits you.
* * * LOW HITPOINT WARNING * * *
Evoke which item? (* to show all) (? for menu, Esc to quit)
You don't have any such object.
Evoke which item? (* to show all) (? for menu, Esc to quit)
Okay, then.
You hit the slave but do no damage.
The slave is almost dead.
The slave closely misses you.
You hit the slave but do no damage.
The slave is almost dead.
The slave hits you but does no damage.
You are starving!
You barely miss the slave.
The slave is almost dead.
The slave hits you.
You die...

########<#...p..#...## #.#
#.##.###..###.#### #.#
#.##.###..# #....# #.#
#.##.##...###.##.# #.#
#.##....#.....##.# #.#
#.#####...###.##.# #.# #.#
##.## #.##.## #.#
#.######.####.#...# #.#
######........@....#.#.###.#
#......#####..p##....#...#.#
#.####.##..........#####...#
#.# #.##.##...##....#...###
# #.# #.##.###.....##.#.###
# #.# #.##.# #.######...# #
#.# #.##.# #.# ##.## #
#.####.##.# #.# #.#
###.....)...# #.# #.#


You could see a slave.

Vanquished Creatures
  An iguana (D:2)
  Ijyb (D:2)
  3 adders
  A worm (D:2)
  2 dart slugs (D:3)
  A leopard gecko (D:4)
  5 orcs
  2 giant cockroaches
  13 goblins
  6 hobgoblins
  10 kobolds
  2 quokkas (D:3)
  5 bats
  3 frilled lizards
  4 rats
59 creatures vanquished.

Notes
Turn   | Place    | Note
-------+----------+-------------------------------------------
     0 | D:1      | H0rd4k the Human Artificer began the quest for the Orb.
     0 | D:1      | Reached XP level 1. HP: 15/15 MP: 3/3
   151 | D:1      | Reached XP level 2. HP: 12/21 MP: 4/4
   885 | D:2      | Reached XP level 3. HP: 23/26 MP: 5/5
   984 | D:2      | Noticed Ijyb
  1024 | D:2      | Killed Ijyb
  1024 | D:2      | Reached skill level 1 in Armour
  1024 | D:2      | Reached XP level 4. HP: 17/32 MP: 6/6
  1743 | D:2      | Noticed Sigmund
  2005 | D:3      | Noticed Jessica
  2484 | D:3      | Found a basalt altar of Yredelemnul.
  2484 | D:3      | Found an iron altar of Okawaru.
  2552 | D:3      | Reached XP level 5. HP: 24/37 MP: 7/7
  2802 | D:4      | Noticed Edmund
  2866 | D:4      | Found a runed gate.
  2867 | D:4      | Noticed a big kobold
  2867 | D:4      | Noticed potatolover's ghost (amateur TrMo)
  2867 | D:4      | Noticed a big kobold
  2868 | D:4      | Found a runed gate.
  2868 | D:4      | Found a runed gate.
  2881 | D:4      | Noticed Pikel
  2881 | D:4      | Noticed a slave
  2881 | D:4      | Noticed a slave
  2902 | D:4      | Noticed Natasha
  3200 | D:2      | Found a glowing golden altar of the Shining One.
  4027 | D:4      | Found Ynozof's Book Shoppe.
  4060 | D:4      | Noticed Menkaure
  4135 | D:3      | Slain by a slave

Skill      XL: |  1  2  3  4  5 |
---------------+----------------+-----
Armour         | 1 2 |  2.0
Short Blades   | 2 |  2.6
Fighting       | |  1.5
Dodging        | |  2.6
Stealth        | |  1.3
Evocations     | |  3.9

Action                   |  1- 3 |  4- 6 || total
-------------------------+-------+-------++-------
Melee: Short sword       |   105 |   221 ||   326
Evoke: Wand              |     4 |    12 ||    16
 Stab: Sleeping          |     1 |     1 ||     2
  Eat: Chunk             |       |     5 ||     5
       Ration            |       |     1 ||     1
Armor: Leather armour    |    16 |    37 ||    53
Dodge: Dodged            |    63 |   116 ||   179
